 Dungeon Crawl Stone Soup version 0.27.1-16-g815e20cd7a (webtiles) character file.

Game seed: 17433075731994179139

69 pkoi the Conjurer (level 4, 0/21 HPs)
             Began as a Spriggan Conjurer on Nov 23, 2021.
             Frozen to death by an endoplasm (4 damage)
             ... on level 2 of the Dungeon.
             The game lasted 00:01:58 (1869 turns).

pkoi the Conjurer (Spriggan Conjurer)               Turns: 1869, Time: 00:01:58

Health: 0/21       AC:  2    Str:  3    XL:     4   Next: 2%
Magic:  4/9        EV: 17    Int: 20    God:
Gold:   92         SH:  0    Dex: 13    Spells: 3/8 levels left

rFire    . . .     SeeInvis +   b - +0 short sword
rCold    . . .     Faith    .   (shield restricted)
rNeg     . . .     Spirit   .   a - +0 robe
rPois    .         Reflect  .   (helmet restricted)
rElec    .         Harm     .   (no cloak)
rCorr    .         Rampage  .   (gloves unavailable)
Will     .....                  (boots unavailable)
Stlth    ++........             (no amulet)
HPRegen  0.07/turn              (no ring)
MPRegen  0.11/turn              (no ring)

@: lethally poisoned (0 -> -1), very quick
A: very small, no large weapons, unfitting armour, see invisible, speed 3
a: no special abilities


You were on level 2 of the Dungeon.
You visited 1 branch of the dungeon, and saw 2 of its levels.

You collected 92 gold pieces.

Inventory:

Hand Weapons
 b - a +0 short sword (weapon)
Armour
 a - a +0 robe (worn)
Jewellery
 i - a ring of fire
Scrolls
 c - a scroll of holy word {unknown}
 d - 2 scrolls of identify {unknown}
 f - a scroll of enchant weapon {unknown}
 h - 2 scrolls of teleportation {unknown}
Potions
 e - a potion of attraction {unknown}
 g - a potion of curing {unknown}


   Skills:
 - Level 2.6 Dodging
 - Level 3.0 Stealth
 - Level 2.6 Spellcasting
 + Level 3.8 Conjurations
 + Level 1.6 Necromancy


You had 3 spell levels left.
You knew the following spells:

 Your Spells              Type           Power      Damage    Failure   Level
a - Magic Dart            Conj           72%        1d6       3%          1
b - Searing Ray           Conj           36%        3d4       4%          2
c - Sublimation of Blood  Necr           4%         N/A       11%         2

Your spell library contained the following spells:

 Spells                   Type           Power      Damage    Failure   Level
 Dazzling Flash           Conj/Hex       20%        N/A       21%         3
 Gell's Gravitas          Tloc           1%         N/A       41%         3
 Lesser Beckoning         Tloc           1%         N/A       41%         3
 Teleport Other           Tloc           2%         N/A       41%         3
 Fulminant Prism          Conj/Hex       5%         3d7       54%         4
 Iskenderun's Mystic Bla  Conj/Tloc      10%        2d4       54%         4
 Petrify                  Tmut/Erth      2%         N/A       82%         4
 Irradiate                Conj/Tmut      5%         3d15      88%         5


Dungeon Overview and Level Annotations

Branches:
Dungeon (2/15)

Altars:


Innate Abilities, Weirdness & Mutations

You are very small and have problems with some larger weapons.
You are too small for most types of armour.
You have supernaturally acute eyesight. (SInv)
You cover ground extremely quickly. (Speed+++)


Message History

Aim: an adder (lightly wounded, 100% to hit)
The magic dart hits the adder.
The adder is severely wounded.
An endoplasm comes into view.
The adder barely misses you.
Aiming: Magic Dart (safe; 3% risk of failure)
Press: ? - help, Q - select action, (/) - cycle Shift-Dir - straight line, f/p - adder
Aim: an adder (severely wounded, 100% to hit)
The magic dart hits the adder.
The adder is severely wounded.
The endoplasm quivers.
The adder bites you.
Aiming: Magic Dart (safe; 3% risk of failure)
Press: ? - help, Q - select action, (/) - cycle Shift-Dir - straight line, f/p - adder
Aim: an adder (severely wounded, 100% to hit)
The magic dart hits the adder.
The adder is almost dead.
The adder bites you.
You are poisoned.
The adder poisons you!
Aiming: Magic Dart (safe; 3% risk of failure)
Press: ? - help, Q - select action, (/) - cycle Shift-Dir - straight line, f/p - adder
Aim: an adder (almost dead, 100% to hit)
The magic dart hits the adder.
You kill the adder!
You feel sick.
You have reached level 4!
b - a +0 short sword (weapon)
The endoplasm misses you.
You hit the endoplasm but do no damage.
You feel sick. The endoplasm hits you.
* * * LOW HITPOINT WARNING * * *
You hit the endoplasm.
The endoplasm is lightly wounded.
You feel sick. The endoplasm misses you.
You hit the endoplasm but do no damage.
The endoplasm is lightly wounded.
You feel sick. The endoplasm freezes you.
You are frozen.
You die...

#.#<.....#
###########.#......#
#...........+......#
#.####.###.##......#
#.##...#$#.รท.......#
#.##.###.###.#'#####
#....#... #...#
#..###.# ###.#######
#....@.# #........
#..###J# ###..#####.
#....#... #........#.
####.###.###.######.#.
#...#$#..........#.
##+..###..#########.
#.........#######...
#.....###......##.#.
#.....##.+......#.##


You could see an endoplasm.

Vanquished Creatures
  5 adders (D:2)
  A ball python (D:1)
  4 bats
  2 giant cockroaches (D:2)
  3 goblins
  2 hobgoblins (D:2)
  3 jackals (D:1)
  2 kobolds (D:1)
  A quokka (D:1)
  A frilled lizard (D:2)
  A rat (D:2)
25 creatures vanquished.

Vanquished Creatures (others)
  3 plants (D:2)
3 creatures vanquished.

Grand Total: 28 creatures vanquished

Notes
Turn   | Place    | Note
-------+----------+-------------------------------------------
     0 | D:1      | pkoi the Spriggan Conjurer began the quest for the Orb.
     0 | D:1      | Reached XP level 1. HP: 9/9 MP: 5/5
   524 | D:1      | Reached XP level 2. HP: 13/13 MP: 0/6
   752 | D:1      | Learned a level 2 spell: Searing Ray
   755 | D:1      | Learned a level 2 spell: Sublimation of Blood
   998 | D:2      | Found a faded altar of an unknown god.
  1169 | D:2      | Reached skill level 1 in Necromancy
  1169 | D:2      | Reached XP level 3. HP: 15/16 MP: 2/8
  1866 | D:2      | Reached XP level 4. HP: 9/21 MP: 3/9
  1869 | D:2      | Frozen to death by an endoplasm

Illustrated notes

Levels and vault maps discovered:
D:1:      dpeg_arrival_simpleton_c, layout_loops_cross, minmay_tiny_reverse_x
D:2:      layout_basic, basic_ecumenical_altar, chequers_big_river,
          minmay_quantized

Skill      XL: |  1  2 |
---------------+-------+-----
Conjurations   | 3 |  3.8
Necromancy     | 1 |  1.6
Dodging        | |  2.6
Stealth        | |  3.0
Spellcasting   | |  2.6

Action                   |  1- 3 |  4- 6 || total
-------------------------+-------+-------++-------
Melee: Short sword       |       |     3 ||     3
 Cast: Magic Dart        |    65 |       ||    65
Armor: Robe              |     2 |       ||     2
Dodge: Dodged            |     9 |     2 ||    11
